 Dungeon Crawl Stone Soup version 0.22.0-49-gab54619 (webtiles) character file.

116 Fang the Chopper (level 5, -2/33 HPs)
             Began as a Gargoyle Berserker on Sept 4, 2018.
             Was a Priest of Trog.
             Splashed by a jelly's acid (8 damage)
             ... on level 3 of the Dungeon.
             The game lasted 00:02:12 (1725 turns).

Fang the Chopper (Gargoyle Berserker)               Turns: 1725, Time: 00:02:13

Health: -2/33      AC: -5    Str: 21    XL:     5   Next: 1%
Magic:  5/5        EV: 12    Int:  8    God:    Trog [***...]
Gold:   50         SH:  0    Dex:  9    Spells: 4/4 levels left

rFire    + . .     SeeInvis .   a - +0 hand axe
rCold    . . .     Gourm    .   (no shield)
rNeg     + . .     Faith    +   b - +0 animal skin
rPois    ∞         Spirit   .   (no helmet)
rElec    +         Reflect  .   (no cloak)
rCorr    .         Harm     .   (no gloves)
MR       .....                  (no boots)
Stlth    +.........             d - amulet of faith
HPRegen  0.11/turn              l - ring of protection from fire
MPRegen  0.09/turn              r - ring of flight

@: corroded
A: negative energy resistance 1, electricity resistance, unbreathing,
petrification resistance, rot immunity, AC +4
a: Berserk, Trog's Hand, Renounce Religion, Evoke Flight


You were on level 3 of the Dungeon.
You worshipped Trog.
Trog was most pleased with you.
You were hungry.

You visited 1 branch of the dungeon, and saw 3 of its levels.

You collected 50 gold pieces.

Inventory:

Hand Weapons
 a - a +0 hand axe (weapon)
Armour
 b - a +0 animal skin (worn)
Jewellery
 d - an amulet of faith (around neck)
 l - a ring of protection from fire (left hand)
 m - an uncursed ring of protection from magic
 o - an uncursed ring of resist corrosion
 r - a ring of flight (right hand)
Scrolls
 e - 2 scrolls of blinking {unknown}
 f - a scroll of teleportation {unknown}
 h - 2 scrolls of fog {unknown}
 i - 2 scrolls of remove curse {unknown}
 j - 2 scrolls of enchant weapon {unknown}
 k - 2 scrolls of fear {unknown}
 n - a scroll of amnesia {unknown}
 p - a scroll of magic mapping {unknown}
Potions
 g - a potion of heal wounds {unknown}
 q - a potion of brilliance {unknown}
Comestibles
 c - 8 rations


   Skills:
 + Level 3.9 Fighting
 + Level 4.1 Axes
 + Level 2.4 Armour
 + Level 2.2 Dodging
 + Level 0.3 Stealth


You had 4 spell levels left.
You didn't know any spells.
Your spell library was empty.

Dungeon Overview and Level Annotations

Branches:
Dungeon (3/15)

Altars:
Qazlal
Yredelemnul


Innate Abilities, Weirdness & Mutations

You are resistant to torment.
Your stone body is resilient. (AC +4)
You are immune to poison.
You resist negative energy. (rN+)
You are resistant to electric shocks. (rElec)
You can survive without breathing.
You are immune to petrification.
You are immune to rotting.


Message History

You are too injured to fight recklessly!
You are too injured to fight recklessly!
You are too injured to fight recklessly!
You are too injured to fight recklessly!
You are too injured to fight recklessly!
You are too injured to fight recklessly!
You are too injured to fight recklessly!
You are too injured to fight recklessly!
You are too injured to fight recklessly!
You are too injured to fight recklessly!
You hit the jelly but do no damage.
Your hands burn!
The jelly is heavily wounded.
The jelly closely misses you.
You hit the jelly.
Your hands burn!
* * * LOW HITPOINT WARNING * * *
The jelly is severely wounded.
The jelly hits you.
* * * LOW HITPOINT WARNING * * *
The acid corrodes you!
You are splashed with acid!
The acid burns!
You die...

...............
...............
................
.................
..................
..................
.......J..........
...?...@..........
#..................
#..................
##...........!......
....................
#..................
#..................
#........>.........
#.......[..........


You could see a jelly.

Vanquished Creatures
  Crazy Yiuf (D:2)
  2 adders (D:2)
  3 dart slugs (D:1)
  2 leopard geckos
  An orc (D:3)
  11 bats
  A giant cockroach (D:1)
  6 goblins
  15 hobgoblins
  2 jackals (D:1)
  A ball python (D:1)
  2 frilled lizards (D:2)
  2 kobolds
  8 rats
57 creatures vanquished.

Notes
Turn   | Place    | Note
-------+----------+-------------------------------------------
     0 | D:1      | Fang the Gargoyle Berserker began the quest for the Orb.
     0 | D:1      | Reached XP level 1. HP: 14/14 MP: 1/1
    43 | D:1      | Reached XP level 2. HP: 14/19 MP: 2/2
    47 | D:1      | Reached skill level 3 in Axes
   140 | D:1      | Reached XP level 3. HP: 24/24 MP: 3/3
   170 | D:1      | Reached ** piety under Trog
   597 | D:2      | Found a basalt altar of Yredelemnul.
   609 | D:2      | Reached XP level 4. HP: 27/29 MP: 4/4
   821 | D:2      | Found a stormy altar of Qazlal.
  1271 | D:2      | Noticed an earth elemental
  1271 | D:2      | Noticed a fire elemental
  1272 | D:2      | Noticed an air elemental
  1272 | D:2      | Noticed a water elemental
  1326 | D:2      | Found a runed door.
  1330 | D:2      | Noticed Crazy Yiuf
  1336 | D:2      | Killed Crazy Yiuf
  1336 | D:2      | Reached *** piety under Trog
  1336 | D:2      | Reached skill level 4 in Axes
  1641 | D:3      | Found a faded altar of an unknown god.
  1699 | D:3      | Reached XP level 5. HP: 33/33 MP: 5/5
  1725 | D:3      | Splashed by a jelly's acid

Skill      XL: |  1  2  3  4 |
---------------+-------------+-----
Axes           | 3 4 |  4.1
Dodging        | 2 |  2.2
Fighting       | |  3.9
Armour         | |  2.4
Stealth        | |  0.3

Action                   |  1- 3 |  4- 6 || total
-------------------------+-------+-------++-------
Melee: Hand axe          |    90 |    82 ||   172
Invok: Berserk           |       |     1 ||     1
  Eat: Chunk             |       |     3 ||     3
Armor: Animal skin       |    35 |    32 ||    67
Dodge: Dodged            |    70 |    61 ||   131
